 Dungeon Sprint DCSS version 0.28.0-43-g3370ac3207 (webtiles) character file.

Game seed: 1116181643836633204

45 rocky1 the Digger (level 3, -1/20 HPs)
             Began as a Deep Elf Earth Elementalist on Mar 6, 2022.
             Was a Priest of Sif Muna.
             Slain by a gnoll sergeant
             ... wielding a +3 spear of freezing
              (3 damage)
             ... in the Dungeon (Sprint VII: "The Pits").
             The game lasted 00:03:42 (592 turns).

rocky1 the Digger (Deep Elf Earth Elementalist)      Turns: 592, Time: 00:03:43

Health: -1/20      AC:  2    Str:  5    XL:     3   Next: 42%
Magic:  6/9        EV: 12    Int: 21    God:    Sif Muna [***...]
Gold:   0          SH:  0    Dex: 15    Spells: 4/8 levels left

rFire   . . .      SeeInvis .   m - +0 quarterstaff (protect)
rCold   . . .      Faith    .   (shield currently unavailable)
rNeg    . . .      Spirit   .   b - +0 robe
rPois   .          Reflect  .   (no helmet)
rElec   .          Harm     .   (no cloak)
rCorr   .          Rampage  .   (no gloves)
Will    .....      NoTele   +   (no boots)
Stlth   ++........              (no amulet)
HPRegen 0.06/turn               (no ring)
MPRegen 0.11/turn               (no ring)

@: no status effects
A: no striking features
a: Renounce Religion, Channel Magic, Forget Spell


You were in the Dungeon.
You worshipped Sif Muna.
Sif Muna was most pleased with you.
You visited 1 branch

Inventory:

Hand Weapons
 m - a +0 quarterstaff of protection (weapon)
Missiles
 i - 27 stones
Armour
 b - a +0 robe (worn)
Scrolls
 h - a scroll of blinking
 j - 5 scrolls of amnesia
 k - a scroll of summoning
Potions
 a - 2 potions of invisibility
 c - 6 potions of curing
 d - 6 potions of heal wounds
 e - a potion of haste
 f - 4 potions of magic
 g - 3 potions of berserk rage


   Skills:
 + Level 0.6 Fighting
 - Level 2.4 Dodging
 - Level 2.4 Stealth
 + Level 3.3 Spellcasting
 + Level 1.0 Conjurations
 - Level 1.1 Transmutations
 + Level 7.9 Earth Magic


You had 4 spell levels left.
You knew the following spells:

 Your Spells              Type           Power      Damage    Failure   Level
a - Sandblast             Erth           72%        2d16      1%          1
b - Stone Arrow           Conj/Erth      44%        3d9       6%          3

Your spell library contained the following spells:

 Spells                   Type           Power      Damage    Failure   Level
 Passwall                 Tmut/Erth      18%        N/A       3%          2
 Petrify                  Tmut/Erth      22%        N/A       21%         4


Dungeon Overview and Level Annotations

Branches:
Dungeon (1/1)

Altars:
Ashenzari
Cheibriados
Dithmenos
Elyvilon
Fedhas
Gozag
Hepliaklqana
Kikubaaqudgha
Makhleb
Nemelex Xobeh
Okawaru
Qazlal
Ru
Sif Muna
Trog
Uskayaw
Vehumet
Wu Jian
Xom
Yredelemnul
Zin
The Shining One
Beogh
Jiyva
Lugonu


Message History

You open the door.
A gnoll sergeant and 2 gnolls come into view.
The gnoll sergeant is wielding a +3 spear of freezing.
Casting: Sandblast (safe; 1% risk of failure)
Confirm with . or Enter, or press ? or * to list all spells.
The spell is extremely dangerous to miscast (9% risk of failure)!
Continue anyway?
Okay, then.
An iron imp, an iguana and a warg come into view.
The gnoll hits you from afar with a +0 spear.
There is an open door, spattered with blood here.
Casting: Stone Arrow (extremely dangerous; 9% risk of failure)
Confirm with . or Enter, or press ? or * to list all spells.
Aiming: Sandblast (safe; 1% risk of failure)
Press: ? - help, Shift-Dir - straight line, f - gnoll
Aim: a gnoll, wielding a +0 spear (84% to hit)
The blast of sand hits the gnoll!
The gnoll is severely wounded.
The gnoll misses you.
Unknown command.
Casting: Sandblast (safe; 1% risk of failure)
Confirm with . or Enter, or press ? or * to list all spells.
Aiming: Sandblast (safe; 1% risk of failure)
Press: ? - help, Shift-Dir - straight line, f/p - gnoll
Aim: a gnoll, wielding a +0 spear (severely wounded, 84% to hit)
The blast of sand hits the gnoll!!
You kill the gnoll!
Sif Muna accepts your kill.
Your Conjurations skill increases to level 1!
Casting: Sandblast (safe; 1% risk of failure)
Confirm with . or Enter, or press ? or * to list all spells.
Aiming: Sandblast (safe; 1% risk of failure)
Press: ? - help, Shift-Dir - straight line, f - gnoll sergeant
Aim: a gnoll sergeant, wielding a +3 spear of freezing and wearing a +0 scale mail (87% to hit)
The blast of sand hits the gnoll sergeant!
The gnoll sergeant is heavily wounded.
The gnoll sergeant hits you from afar with a +3 spear of freezing!
Ouch! That really hurt!
* * * LOW HITPOINT WARNING * * *
The gnoll sergeant freezes you.
You die...

#.?..')))'†##.....
##########.##.....
#...........'.....
#'#####'#####.....
#.#..#..#..##.....
#.#..+..'..#####'#
#.##)####†###.....
#.#......†.##.....
#@#........##.....
#.#####'#####...<.
#g#...)))[.##.....
#.#...)))[.##.....
#'###########.....
#......5# ######
#...#...# #...# .#
#.##.


You could see a gnoll sergeant.

Vanquished Creatures
  2 gnolls (D)
  2 ufetubi (D)
  An endoplasm (D)
  A giant cockroach (D)
  A hobgoblin (D)
  6 jackals (D)
  A quokka (D)
  A frilled lizard (D)
15 creatures vanquished.

Notes
Turn   | Place    | Note
-------+----------+-------------------------------------------
     0 | D        | rocky1 the Deep Elf Earth Elementalist began the quest for
                  | the Orb.
     0 | D        | Reached XP level 1. HP: 10/10 MP: 6/6
    13 | D        | Reached skill level 4 in Earth Magic
    20 | D        | Found a bloodstained altar of Trog.
    20 | D        | Found a shimmering blue altar of Sif Muna.
    20 | D        | Found a viscous altar of Jiyva.
    20 | D        | Found a hazy altar of Hepliaklqana.
    20 | D        | Found an opulent altar of Gozag.
    21 | D        | Found a glowing golden altar of the Shining One.
    21 | D        | Found a glowing silver altar of Zin.
    21 | D        | Found a basalt altar of Yredelemnul.
    21 | D        | Found a shimmering altar of Xom.
    21 | D        | Found an ornate altar of the Wu Jian Council.
    21 | D        | Found a sacrificial altar of Ru.
    21 | D        | Found a stormy altar of Qazlal.
    21 | D        | Found an iron altar of Okawaru.
    21 | D        | Found a sparkling altar of Nemelex Xobeh.
    21 | D        | Found a burning altar of Makhleb.
    21 | D        | Found a blossoming altar of Fedhas.
    21 | D        | Found a white marble altar of Elyvilon.
    21 | D        | Found a shadowy altar of Dithmenos.
    21 | D        | Found a snail-covered altar of Cheibriados.
    24 | D        | Found a corrupted altar of Lugonu.
    24 | D        | Found a radiant altar of Vehumet.
    25 | D        | Found an ancient bone altar of Kikubaaqudgha.
    25 | D        | Found a hide-covered altar of Uskayaw.
    25 | D        | Found a broken altar of Ashenzari.
    26 | D        | Became a worshipper of Sif Muna the Loreminder
   184 | D        | Reached skill level 5 in Earth Magic
   184 | D        | Reached XP level 2. HP: 15/15 MP: 5/8
   324 | D        | Reached * piety under Sif Muna
   325 | D        | Reached skill level 6 in Earth Magic
   435 | D        | Reached ** piety under Sif Muna
   440 | D        | Reached skill level 7 in Earth Magic
   494 | D        | Reached *** piety under Sif Muna
   495 | D        | Reached XP level 3. HP: 19/19 MP: 6/9
   534 | D        | Learned a level 3 spell: Stone Arrow
   584 | D        | Noticed a gnoll sergeant
   585 | D        | Noticed a warg
   592 | D        | Reached skill level 1 in Conjurations
   592 | D        | Slain by a gnoll sergeant

Illustrated notes

Levels and vault maps discovered:
D:        pitsprint [storerooms_1, entrance_room_1, metal_vault_5, armoury_1,
          mini_pit_1, grid_room_1, main_hall_1, silver_pit, the_coven_2,
          the_vestibule_1, steel_vault_4, golden_pit, hallway_of_sentries,
          crystal_vault_2, iron_vault_2, final_vault]

Skill      XL: |  1  2  3 |
---------------+----------+-----
Earth Magic    | 5 7 |  7.9
Conjurations   | 1 |  1.0
Fighting       | |  0.6
Dodging        | |  2.4
Stealth        | |  2.4
Spellcasting   | |  3.3
Transmutations | |  1.1

Action                   || total
-------------------------++-------
Melee: Quarterstaff      ||    20
 Cast: Sandblast         ||    13
Armor: Robe              ||     6
Dodge: Dodged            ||    27
